Cogmind - Beta 14 @@@ ROGUE MODE // 2024.11.01 @ 23:24:43 Player: Xellophane Result: Destroyed by S-10 Pest with Light Assault Rifle Performance ------------- Evolutions (0) 0 Regions Visited (3) 600 Robots Destroyed (29) 145 Value Destroyed (566) 566 Prototype IDs (0) 0 Alien Tech Used (0) 0 Bonus (0) 0 TOTAL SCORE: 1311 Bonus ------- None Cogmind --------- Core Integrity 0/250 Matter 208/300 Energy 125/125 System Corruption 1% Temperature Cool (0) Movement Walking (190) Ox1 Location -10/Subcaves Parts ------- > --- POWER (1) -------- Light Ion Engine > --- PROPULSION (2) --- Aluminum Leg Aluminum Leg > --- UTILITY (2) ------ Large Storage Unit Launcher Guidance Computer > --- WEAPON (2) ------- Assault Rifle Light Assault Rifle > --- INVENTORY (15) --- Ion Engine Light Ion Engine Combat Airjet Combat Airjet Medium Storage Unit Huge Storage Unit Improved Light Armor Plating Small Laser Light Assault Rifle Bore Cannon Mini Grenade Launcher Mini Grenade Launcher Mining Laser Peak State ------------ > --- POWER ------------ Light Ion Engine > --- PROPULSION ------- Combat Airjet Combat Airjet > --- UTILITY ---------- Large Storage Unit Launcher Guidance Computer > --- WEAPON ----------- Light Assault Rifle Bore Cannon > --- INVENTORY -------- Ion Engine Light Ion Engine Aluminum Leg Medium Storage Unit Huge Storage Unit Improved Light Armor Plating Assault Rifle Light Assault Rifle Mini Grenade Launcher Mini Grenade Launcher Mining Laser [Rating: 23] Favorites ----------- Power Light Ion Engine Engine Light Ion Engine Propulsion Improved Aluminum Leg Treads Light Treads Leg Improved Aluminum Leg Hover Unit Combat Airjet Utility Large Storage Unit Device Shield Generator Storage Large Storage Unit Processor Launcher Guidance Computer Weapon Light Assault Rifle Energy Gun Medium Laser Ballistic Gun Light Assault Rifle Ballistic Cannon Bore Cannon Launcher Mini Grenade Launcher Special Weapon Mining Laser Build | -11 -10 -10 -10 ------- Run | Yrd Mat Min Sub Slots Evolved . | . . . . Power . | . . . . Propulsion . | . . . . Utility . | . . . . Weapon . | . . . . Parts Attached 42 | 7 16 13 6 Power 2 | 1 1 . . Engine 2 | 1 1 . . Core . | . . . . Reactor . | . . . . Propulsion 12 | 2 5 3 2 Treads 2 | 2 . . . Leg 7 | . 5 . 2 Wheel . | . . . . Hover 3 | . . 3 . Flight . | . . . . Utility 8 | 2 5 1 . Device 4 | 1 3 . . Storage 3 | 1 2 . . Processor 1 | . . 1 . Hackware . | . . . . Protection . | . . . . Artifact . | . . . . Weapon 20 | 2 5 9 4 Energy Gun 3 | 2 . 1 . Energy Cannon . | . . . . Ballistic Gun 10 | . 4 4 2 Ballistic Cannon 3 | . . 2 1 Launcher 3 | . . 2 1 Special Weapon 1 | . 1 . . Impact Weapon . | . . . . Slashing Weapon . | . . . . Piercing Weapon . | . . . . Special Melee Weapon . | . . . . Unidentified Prototypes . | . . . . Parts Lost 6 | . 6 . . Power 1 | . 1 . . Propulsion 2 | . 2 . . Utility 1 | . 1 . . Weapon 2 | . 2 . . Highest Loss Streak 4 | . 4 . . To Critical Strikes . | . . . . Average Slot Usage (%) 98 | . 97 99 100 Engine 13 | . 13 14 14 Leg 19 | . 26 11 18 Hover 7 | . . 16 9 Device 9 | . 12 6 . Storage 14 | . 14 14 14 Processor 4 | . . 7 14 Energy Gun 6 | . 8 3 4 Ballistic Gun 16 | . 18 14 19 Launcher 4 | . . 9 . Peak Build Rating 23 | 7 11 23 23 Average Rating 12 | 5 9 16 15 On Entrance 9 | . 7 10 20 Naked Turns . | . . . . Heaviest Build 28 | 15 28 28 26 Greatest Support 40 | 40 26 24 24 Greatest Overweight (x) 2 | 2 1 2 1 Average Overweight (x) . | . . . 1 Largest Inventory Capacity 15 | 8 15 15 15 Average Capacity 13 | 6 12 15 15 Most Carried 15 | 4 13 15 13 Average Carried 10 | 2 9 13 13 Final Capacity 15 | 8 15 15 15 Final Carried 13 | 4 13 13 13 Class Distribution -------------------- 74% | Mutant 25% | Scavenger-Mutant Dominant Class ---------------- Mutant | -10/Materials Scavenger-Mutant | -10/Mines Mutant | -10/Subcaves Resources | -11 -10 -10 -10 ----------- Run | Yrd Mat Min Sub Matter Collected 758 | 256 262 223 17 Remotely . | . . . . Salvage Created 1056 | 163 565 279 49 Parts 62 | 17 28 11 6 Haulers Intercepted 1 | . 1 . . Recyclers Shooed 4 | . 2 2 . Parts Field Recycled . | . . . . Retrieved Matter . | . . . . Parts Self-Destructed . | . . . . Prevented . | . . . . Kills | -11 -10 -10 -10 ------- Run | Yrd Mat Min Sub Combat Hostiles Destroyed 16 | . 12 2 2 Guns 12 | . 12 . . Cannons 2 | . . . 2 AOE 2 | . . 2 . Classes Destroyed 10 | 3 5 1 1 Worker 2 | 2 . . . Builder 1 | . 1 . . Tunneler 5 | 4 . 1 . Hauler 1 | . 1 . . Recycler 5 | 1 . 4 . Operator 1 | . 1 . . Swarmer 2 | . 2 . . Grunt 10 | . 10 . . Subdweller 2 | . . . 2 Assembled 2 | . . 2 . Best Kill Streak 4 | 4 4 3 2 Combat Bots Only 4 | . 4 2 2 Max Kills in Single Turn 3 | 1 1 3 1 Gunslinging . | . . . . Exploded 2 | . . 2 . Melee . | . . . . Uniques/NPCs Destroyed . | . . . . Combat | -11 -10 -10 -10 -------- Run | Yrd Mat Min Sub Hostile Shots Fired 183 | . 157 5 21 Missed 65 | . 56 1 8 Damage Taken 1213 | . 922 50 241 Core 255 | . 184 . 71 Absorbed by Shields 181 | . 167 14 . Core Remaining (%) 100 | 100 . . . Volleys Fired 98 | 11 64 16 7 Largest 2 | 2 2 2 2 Hottest 100 | 100 100 60 97 Shots Fired 173 | 22 119 18 14 Gun 160 | 22 117 14 7 Cannon 7 | . . . 7 Launcher 4 | . . 4 . Special 2 | . 2 . . Kinetic 73 | . 52 14 7 Thermal 96 | 22 67 . 7 Explosive 4 | . . 4 . Electromagnetic . | . . . . Robot Hit Streak 11 | 3 11 6 5 Robot Miss Streak 8 | 3 8 1 2 Penetration Max . | . . . . Secondary Targets 1 | . 1 . . Max Gunslinging Chain 1 | . 1 . . Shots Hit Robots 98 | 10 66 12 10 Core Hits 52 | 8 29 11 4 Critical Kills 2 | . . . 2 Critical Parts Destroyed 2 | . . . 2 Critical Strikes 9 | 1 4 . 4 Burn 5 | 1 4 . . Destroy 4 | . . . 4 Melee Attacks . | . . . . Impact . | . . . . Slashing . | . . . . Piercing . | . . . . Sneak Attacks . | . . . . Combat Hostiles . | . . . . Follow-up Attacks . | . . . . Damage Inflicted 1459 | 136 793 379 151 Guns 1136 | 136 782 158 60 Cannons 91 | . . . 91 Explosions 201 | . . 201 . Melee . | . . . . Ramming 31 | . 11 20 . Kinetic 560 | . 311 158 91 Thermal 667 | 136 471 . 60 Explosive 201 | . . 201 . Electromagnetic . | . . . . Impact . | . . . . Slashing . | . . . . Piercing . | . . . . Highest Corruption 1 | . 1 1 1 Average Corruption 1 | . 1 1 1 Corruption Purged . | . . . . Corruption Blocked . | . . . . Effects 11 | . 5 6 . Message Errors 4 | . 3 1 . Matter Fused 3 | . 1 2 . Energy Discharges 2 | . . 2 . Data Loss (minor) 1 | . . 1 . Misfires 1 | . 1 . . Overload Shots . | . . . . Overflow Damage 8 | . . 8 . Projectiles . | . . . . Explosions 8 | . . 8 . Melee . | . . . . Knockbacks 2 | . 1 1 . Impact 2 | . 1 1 . Kinetic . | . . . . Secondary . | . . . . Self-Inflicted Damage 4 | . . 4 . Shots . | . . . . Rammed 2 | . . 2 . Targets Rammed 6 | . 2 4 . Kicked 4 | . 2 2 . Crushed . | . . . . Highest Temperature 333 | 117 333 . . Average Temperature 84 | 41 96 . . Received Heat Transfer 361 | . 361 . . Siege Activations . | . . . . Robots Corrupted . | . . . . Combat Hostiles . | . . . . Parts Fried . | . . . . Impact Corruptions . | . . . . Robots Melted . | . . . . Combat Hostiles . | . . . . Parts Melted 4 | 2 2 . . Heat Transferred 2308 | 481 1702 . 125 Parts Sabotaged . | . . . . Parts Stolen . | . . . . Parts Stripped . | . . . . Power Chain Reactions . | . . . . Alert | -11 -10 -10 -10 ------- Run | Yrd Mat Min Sub Peak Influence 332 | 35 332 63 . Initial 30 | . 22 30 . Average 96 | 17 172 22 . Maximum Alert Level 1 | . 1 . . Low Security (%) 84 | 100 68 100 . Level 1 15 | . 31 . . Level 2 . | . . . . Level 3 . | . . . . Level 4 . | . . . . Level 5 . | . . . . High Security . | . . . . Max Security . | . . . . Squads Dispatched 5 | . 5 . . Investigation 4 | . 4 . . Extermination . | . . . . Reinforcement 1 | . 1 . . Assault . | . . . . Garrison . | . . . . Intercept . | . . . . Searches Triggered . | . . . . Construction Impeded . | . . . . Haulers Reinforced . | . . . . Active Scanning Responses . | . . . . Cargo Convoy Interrupts . | . . . . Stealth | -11 -10 -10 -10 --------- Run | Yrd Mat Min Sub Distress Signals 4 | . 4 . . Communications Jammed . | . . . . Distress Signals . | . . . . Times Spotted 52 | . 36 8 8 Peak Tracking Total 16 | . 6 16 6 Tactical Retreats 5 | . 4 . 1 Traps | -11 -10 -10 -10 ------- Run | Yrd Mat Min Sub Traps Triggered 3 | . 3 . . Indirectly . | . . . . Trap Hack Attempts . | . . . . Triggered . | . . . . Disarmed 4 | . 4 . . Reprogrammed . | . . . . Reused . | . . . . Traps Extracted . | . . . . Installed . | . . . . Triggered . | . . . . Machines | -11 -10 -10 -10 ---------- Run | Yrd Mat Min Sub Machines Disabled 1 | . 1 . . Max in Single Turn 1 | . 1 . . Machines Repaired . | . . . . Machines Dismantled . | . . . . Machines Sabotaged . | . . . . Overloaded Fab Kills . | . . . . Hacking | -11 -10 -10 -10 --------- Run | Yrd Mat Min Sub Machines Accessed 7 | . 6 1 . Terminals 6 | . 6 . . Fabricators . | . . . . Repair Stations . | . . . . Recycling Units . | . . . . Scanalyzers . | . . . . Garrison Access . | . . . . Total Hacks 21 | . 20 1 . Successful 8 | . 7 1 . Failed 13 | . 13 . . Catastrophic 5 | . 5 . . Database Lockouts . | . . . . Manual 10 | . 10 . . Terminals 20 | . 20 . . Fabricators . | . . . . Repair Stations . | . . . . Recycling Units . | . . . . Scanalyzers . | . . . . Garrison Access . | . . . . Terminal Hacks 8 | . 7 1 . Open Door 1 | . . 1 . Alert Level 1 | . 1 . . Disarm Traps 1 | . 1 . . Maintenance Status 1 | . 1 . . Transport Status 1 | . 1 . . Recall Investigation 1 | . 1 . . Hauler Manifests 1 | . 1 . . Registered Components 1 | . 1 . . Fabricator Hacks . | . . . . Repair Station Hacks . | . . . . Recycling Unit Hacks . | . . . . Scanalyzer . | . . . . Garrison Access Hacks . | . . . . Unauthorized Hacks . | . . . . Terminals . | . . . . Fabricators . | . . . . Repair Stations . | . . . . Recycling Units . | . . . . Scanalyzers . | . . . . Garrison Access . | . . . . Data Cores Recovered . | . . . . Used . | . . . . Hacking Detections 6 | . 6 . . Full Trace Events 5 | . 5 . . Feedback Events 1 | . 1 . . Corruption 1 | . 1 . . Feedback Blocked . | . . . . Robot Schematics Acquired . | . . . . Robots Built . | . . . . Authchips . | . . . . Time . | . . . . Total Robot Build Rating . | . . . . Part Schematics Acquired . | . . . . Parts Built . | . . . . Authchips . | . . . . Time . | . . . . Total Part Build Rating . | . . . . Parts Repaired . | . . . . Time . | . . . . Parts Recycled . | . . . . Recycled Matter . | . . . . Retrieved Matter . | . . . . Retrieved Components . | . . . . Parts Scanalyzed . | . . . . Part Schematics Acquired . | . . . . Parts Damaged . | . . . . Bothacking | -11 -10 -10 -10 ------------ Run | Yrd Mat Min Sub Used RIF Installer . | . . . . Robots Hacked . | . . . . Non-combat . | . . . . Combat . | . . . . Robot Hacks Applied . | . . . . Relay Couplers Released . | . . . . Fabnet Peak Effective % . | . . . . Robots Rewired . | . . . . Allies Hacked . | . . . . Hacks Repelled . | . . . . Allies | -11 -10 -10 -10 -------- Run | Yrd Mat Min Sub Total Allies . | . . . . Largest Group . | . . . . Highest-Rated Group . | . . . . Highest-Rated Ally . | . . . . Total Orders . | . . . . Ally Attacks . | . . . . Total Damage . | . . . . Kills . | . . . . Allies Corrupted . | . . . . Allies Melted . | . . . . Intel | -11 -10 -10 -10 ------- Run | Yrd Mat Min Sub Robot Analysis Total . | . . . . Derelict Logs Recovered 2 | . . 2 . Drone Launches . | . . . . Drone Recoveries . | . . . . Exploration | -11 -10 -10 -10 ------------- Run | Yrd Mat Min Sub Turns Passed 2752 | 160 1298 1175 119 Spaces Moved 1499 | 77 682 691 49 Core 17 | 17 . . . Treads 113 | 60 53 . . Legs 892 | . 629 223 40 Wheels . | . . . . Hover 477 | . . 468 9 Flight . | . . . . Fastest Speed 50 | 50 120 77 147 Average Speed 155 | 146 154 156 182 Slowest Speed 230 | 160 190 230 190 Overloaded Moves . | . . . . Propulsion Burnouts . | . . . . Robots Hopped . | . . . . Cave-ins Triggered . | . . . . Exploration Rate (%) 50 | 5 93 97 6 Regions Visited 3 Branch Regions 2 Pre-discovered Areas 1 | . . 1 . Known Exits Taken . | . . . . Unknown Exits Taken 3 | 1 1 1 . Scrap Searched 2 | . . 2 . Spaces Dug 2 | . 2 . . Terrain Destroyed 38 | . 2 34 2 Melee . | . . . . Projectile 4 | . 2 . 2 AOE 34 | . . 34 . Terrain Rammed . | . . . . Walls Destroyed . | . . . . Machines Disabled . | . . . . Actions | -11 -10 -10 -10 --------- Run | Yrd Mat Min Sub Total 1737 | 99 811 765 62 Wait 48 | . 23 25 . Move 1496 | 76 681 690 49 Hop . | . . . . Pick Up 26 | 5 15 6 . Fast Attach 11 | 6 4 1 . Attach 11 | 1 6 4 . Detach 6 | . 3 3 . Swap 20 | . 6 8 6 Drop 15 | . 7 8 . Fire 98 | 11 64 16 7 Melee . | . . . . Ram 2 | . . 2 . Kick 4 | . 2 2 . Crush . | . . . . Escape Stasis . | . . . . Rewire . | . . . . Trap . | . . . . Miscellaneous . | . . . . Route ------- -11/Scrapyard -10/Materials (discovered 4 exits: [*Mat x2] / *Min x2) -10/Mines (discovered 3 exits: [*Mat x2] / [*Sub]) -10/Subcaves (discovered 1 exit: [*Rec]) History --------- Turn | Location | Event 5 | -11/Scrapyard | Discovered new exit (range 15) 161 | -11/Scrapyard | Entered Materials 306 | -10/Materials | Build established: Mutant 311 | -10/Materials | Discovered new exit (range 14) 359 | -10/Materials | Discovered new exit (range 13) 510 | -10/Materials | Core integrity fell below 50% 581 | -10/Materials | Lost 4 parts (1p1n2w) 796 | -10/Materials | Discovered new exit (range 14) 1354 | -10/Materials | Discovered new exit (range 14) 1459 | -10/Materials | Entered Mines 1465 | -10/Mines | Discovered new exit (range 10) 1477 | -10/Mines | Met a Derelict bent on vengeance 1523 | -10/Mines | Assembled infested the area 1619 | -10/Mines | Discovered new exit (range 4) 1763 | -10/Mines | A weapon hastily lodged in a ceiling crevice suddenly fell to the ground 1794 | -10/Mines | Learned 4 Materials zone layouts 1836 | -10/Mines | Discovered new exit (range 15) 2183 | -10/Mines | Learned location of Zion (-7) 2227 | -10/Mines | Met a Derelict who couldn't figure out how to use a Trap Extractor 2293 | -10/Mines | Build established: Scavenger-Mutant 2634 | -10/Mines | Entered Subcaves 2654 | -10/Subcaves | Core integrity fell below 20% 2746 | -10/Subcaves | Discovered new exit (range 14) 2753 | -10/Subcaves | Destroyed by S-10 Pest with Light Assault Rifle Last Messages --------------- LOCATION=UNKNOWN AMBIENT_HEAT=-10 GOAL=ESCAPE 02649_ HV Slug penetrates Wall. 02655_ HV Slug penetrates CM-UWW(R). 02655_ CM-UWW(R) suffers critical hit (Destroy). 02655_ Destroyed Sub. Power Source. 02658_ HV Slug penetrates CM-UWW(R). 02658_ CM-UWW(R) suffers critical hit (Destroy). 02658_ CM-UWW(R) destroyed. 02661_ HV Slug penetrates 9L-R1E(R). 02661_ 9L-R1E(R) suffers critical hit (Destroy). 02661_ Destroyed Sub. Optics. 02661_ HV Slug penetrates Wall. 02664_ HV Slug penetrates 9L-R1E(R). 02667_ 9L-R1E(R) suffers critical hit (Destroy). 02667_ 9L-R1E(R) destroyed. 02674_ Subatomizers dissect the Sub. Machine Gun. 02702_ Acquired 17 matter. 02746_ EXIT=FOUND Map ----- +----------------------------------------------------+ | ?????????????????????????????????????????????????? | | ?????????????????????????????????????????????????? | | ?????????????????????????????????????????????????? | | ?????????????????????????????????????????????????? | | ?????????????????????????????????????????????????? | | ?????????????????????????????????????????????????? | | ?????????????????????????????????????????????????? | | ?????????????????????????????????????????????????? | | ?????????????????????????????????????????????????? | | ?????????????????????????????